 Dungeon Crawl Stone Soup version 0.28.0-43-g3370ac3207 (webtiles) character file.

Game seed: 4143655465637745254

10058 tomatow the Protected (level 11, -14/68 HPs)
             Began as a Gargoyle Fighter on Mar 9, 2022.
             Was an Elder of Trog.
             Demolished by an ettin
             ... wielding a +4 dire flail
              (19 damage)
             ... on level 1 of the Orcish Mines.
             The game lasted 00:57:36 (13324 turns).

tomatow the Protected (Gargoyle Fighter)           Turns: 13324, Time: 00:57:36

Health: -14/68     AC: 37    Str: 27    XL:     11   Next: 56%
Magic:  11/11      EV: 11    Int:  9    God:    Trog [****..]
Gold:   578        SH:  6    Dex: 12    Spells: 10/10 levels left

rFire   . . .      SeeInvis +   O - +10 dagger "Moanudolox" {flame, rCorr SInv}
rCold   + . .      Faith    .   c - +0 buckler
rNeg    + . .      Spirit   .   z - +9 ice dragon scales "Waxkiank" {rF- rC++ Str+3 Dex+3}
rPois   ∞          Reflect  .   X - +1 hat
rElec   +          Harm     .   i - +0 cloak
rCorr   +          Rampage  .   U - +0 pair of gloves
Will    ++...                   (no boots)
Stlth   ..........              (no amulet)
HPRegen 1.21/turn               p - ring of fire
MPRegen 0.12/turn               y - +4 ring of protection

@: mighty, strong-willed, regenerating
A: sickness immunity, AC +8, negative energy resistance 1, electricity
resistance, torment resistance 1, petrification resistance
a: Renounce Religion, Berserk, Trog's Hand, Brothers in Arms


You were on level 1 of the Orcish Mines.
You worshipped Trog.
Trog was greatly pleased with you.
You visited 3 branches of the dungeon, and saw 14 of its levels.

You collected 767 gold pieces.
You spent 189 gold pieces at shops.

Inventory:

Hand Weapons
 a - a +0 executioner's axe
 b - a +4 shortbow
 k - a +2 vorpal spear
 n - a +2 flail of protection
 o - a +5 scimitar of protection
 q - a +3 dagger
 v - a +0 whip of venom
 w - a +0 giant spiked club
 D - a +1 dagger of venom
 K - the +4 mace of the Heavens {antimagic, rN+}
   (You found it on level 6 of the Dungeon)

   It reduces the magical energy of the wielder, and disrupts the spells and
   magical abilities of those it strikes.
   Natural abilities and divine invocations are not affected.
   rN:        It protects you from negative energy.
 M - a +4 quarterstaff of chaos
 N - a +2 mace of holy wrath
 O - the +10 dagger "Moanudolox" (weapon) {flame, rCorr SInv}
   (You found it on level 6 of the Dungeon)

   It burns those it strikes, dealing additional fire damage.
   SInv:      It lets you see invisible.
   rCorr:     It protects you from acid and corrosion.
Missiles
 d - 73 bolts
 e - 24 poisoned darts (quivered)
 g - 283 arrows
 m - 349 stones
 P - 6 silver boomerangs
Armour
 c - a +0 buckler (worn)
 i - a +0 cloak (worn)
 r - +0 steam dragon scales
 z - the +9 ice dragon scales "Waxkiank" (worn) {rF- rC++ Str+3 Dex+3}
   (You found it on level 4 of the Dungeon)

   Str:       It affects your strength (+3).
   Dex:       It affects your dexterity (+3).
   rF:        It makes you vulnerable to fire.
   rC:        It greatly protects you from cold.
 Q - a +0 helmet
 U - a +0 pair of gloves (worn)
 X - a +1 hat (worn)
Jewellery
 p - a ring of fire (left hand)
 y - a +4 ring of protection (right hand)
Wands
 x - a wand of flame (11)
 F - a wand of charming (9)
 T - a wand of iceblast (7)
Scrolls
 j - 2 scrolls of holy word
 l - 2 scrolls of fog
 W - a scroll of enchant weapon
Potions
 f - a potion of berserk rage
 s - a potion of lignification
 C - 2 potions of flight
 I - a potion of magic
 L - a potion of attraction
 Z - 2 potions of cancellation
Miscellaneous
 t - a piece from Xom's chessboard (15/15)


   Skills:
 + Level 7.8 Fighting
 + Level 7.2 Short Blades
 + Level 7.6 Maces & Flails
 + Level 9.7 Armour
 + Level 5.4 Dodging
 + Level 2.6 Stealth
 + Level 8.0 Shields


You had 10 spell levels left.
You didn't know any spells.
Your spell library contained the following spells:

 Spells                   Type           Power      Damage    Failure   Level
 Animate Skeleton         Necr           0%         N/A       75%         1
 Corpse Rot               Necr/Air       0%         N/A       86%         2
 Poisonous Vapours        Pois/Air       0%         N/A       86%         2
 Static Discharge         Conj/Air       0%         N/A       86%         2
 Dazzling Flash           Conj/Hex       0%         N/A       98%         3
 Animate Dead             Necr           0%         N/A       100%        4
 Summon Lightning Spire   Summ/Air       0%         N/A       100%        4
 Borgnjor's Vile Clutch   Necr/Erth      0%         N/A       100%        5
 Death Channel            Necr           0%         N/A       100%        6
 Storm Form               Tmut/Air       0%         N/A       100%        7
 Maxwell's Capacitive Co  Air            0%         ∞         100%        8


Dungeon Overview and Level Annotations

Branches:
Dungeon (11/15)            Temple (1/1) D:4            Lair (0/6) D:10
    Orc (2/2) D:10
    Elf: Orc:2

Altars:
Ashenzari
Cheibriados
Dithmenos
Elyvilon
Gozag
Kikubaaqudgha
Nemelex Xobeh
Okawaru
Qazlal
Ru
Trog
Uskayaw
Vehumet
Xom
Yredelemnul
Zin
The Shining One

Shops:
D:2 !*[   D:4 (

Annotations:
D:8 3 runed translucent doors, a3don's ghost, novice DrIE
D:10 exclusion: oklob plant


Innate Abilities, Weirdness & Mutations

You are immune to sickness and miasma.
Your stone body is resilient. (AC +8)
You are immune to poison.
You resist negative energy. (rN+)
You are resistant to electric shocks. (rElec)
You are resistant to unholy torment.
You are immune to petrification.


Message History

The ettin hits you but does no damage.
There is a stone staircase leading up here.
You puncture the ettin! You burn the ettin.
The ettin is moderately wounded.
The orc hits you but does no damage.
You hit the ettin but do no damage.
The ettin is moderately wounded.
You block the ettin's attack.
The ettin hits you with a +0 dire flail!!
The orc misses you. The orc closely misses you.
The ettin hits you with a +4 dire flail!
The ettin hits you with a +0 dire flail!
* * * LOW HITPOINT WARNING * * *
The orc hits you but does no damage.
You climb upwards.
There is a stone staircase leading down here.
The orc hits you but does no damage. The ettin hits you but does no damage.
The ettin barely misses you. The orc hits you but does no damage.
You climb downwards.
You feel a wave of frost pass over you.
There is an entrance to an ice cave on this level.
Hurry and find it before the portal melts!
You block the orc's attack.
An orc wizard comes into view. It is wielding a +0 dagger.
The orc completely misses you.
There is a stone staircase leading up here.
The orc hits you but does no damage. The ettin barely misses you.
The ettin hits you with a +0 dire flail.
* * * LOW HITPOINT WARNING * * *
The orc misses you. The orc hits you but does no damage.
You climb upwards.
There is a stone staircase leading down here.
You feel very mighty all of a sudden. The orc closely misses you.
You block the ettin's attack. x2
The orc closely misses you. The orc hits you but does no damage.
Your skin crawls.
You feel strong-willed. You block the orc's attack.
The ettin hits you with a +4 dire flail!!
You die...

#######
##.....##
##o......#
###@C.....####
##.o)o........#
#.......###...#
##....###
#...##
##...#####....#
#....#....####
##.......##
##.......#
##....#..####


You could see an ettin and 3 orcs.

Vanquished Creatures
  A boulder beetle (D:9)
  A centaur warrior (D:9)
  A two-headed ogre (D:9)
  An orc knight (D:10)
  A manticore (D:11)
  A gargoyle (D:9)
  A kobold demonologist (D:11)
  An efreet (D:9)
  3 trolls
  11 yaks
  A steam dragon (D:9)
  Menkaure (D:6)
  2 water moccasins
  10 orc warriors
  An ice beast (D:6)
  A necrophage (D:7)
  3 ogres
  A phantom (D:3)
  6 centaurs
  A kobold brigand (D:8)
  2 bullfrogs
  A scorpion (D:7)
  A gnoll sergeant (D:10)
  2 wyvern zombies (D:8)
  A water moccasin skeleton (D:5)
  5 wights (D:9)
  The ghost of Icepheonix32 the Sneak, a weakling DsDe (D:4)
  A howler monkey (D:4)
  An electric eel (D:6)
  A bullfrog zombie (D:7)
  A crimson imp (D:6)
  4 hounds
  A bullfrog skeleton (D:4)
  Crazy Yiuf (D:6)
  2 centaur zombies
  10 orc priests
  2 gnoll shamans
  An iguana (D:4)
  Natasha (thrice) (D:2)
  9 orc wizards
  A killer bee zombie (D:6)
  A howler monkey zombie (D:9)
  16 gnolls
  4 adders
  2 white imps
  2 worms
  4 dart slugs
  37 orcs
  7 endoplasms
  4 giant cockroaches
  9 goblins
  8 hobgoblins
  6 jackals (D:1)
  4 quokkas
  A ball python (D:3)
  8 bats
  2 frilled lizards (D:1)
  11 kobolds
  4 rats
230 creatures vanquished.

Notes
Turn   | Place    | Note
-------+----------+-------------------------------------------
     0 | D:1      | tomatow the Gargoyle Fighter began the quest for the Orb.
     0 | D:1      | Reached XP level 1. HP: 14/14 MP: 1/1
   275 | D:1      | Reached XP level 2. HP: 19/19 MP: 2/2
   722 | D:1      | Found a faded altar of an unknown god.
   849 | D:1      | Reached XP level 3. HP: 23/23 MP: 3/3
  1571 | D:2      | Found Ycsiots's Distillery.
  1588 | D:2      | Reached XP level 4. HP: 27/28 MP: 4/4
  1590 | D:2      | Bought a potion of curing for 33 gold pieces
  1590 | D:2      | Bought a potion of curing for 33 gold pieces
  1590 | D:2      | Bought a potion of curing for 33 gold pieces
  1644 | D:2      | Found Beimm's General Store.
  1721 | D:2      | Found Mydoc's Armour Shop.
  1749 | D:2      | Noticed Natasha
  1752 | D:2      | Reached skill level 4 in Armour
  1761 | D:2      | HP: 1/28 [Natasha (1)]
  1762 | D:2      | Killed Natasha
  2401 | D:2      | Noticed Natasha
  2416 | D:2      | Killed Natasha
  2417 | D:2      | Reached XP level 5. HP: 20/32 MP: 5/5
  2660 | D:2      | Noticed Natasha
  2676 | D:2      | Killed Natasha
  2799 | D:3      | Reached skill level 1 in Dodging
  3690 | D:4      | Noticed an ogre
  3690 | D:4      | Found a staircase to the Ecumenical Temple.
  3712 | D:3      | Killed an ogre
  3713 | D:3      | Reached skill level 1 in Short Blades
  3713 | D:3      | Reached XP level 6. HP: 35/38 MP: 6/6
  3744 | Temple   | Entered the Ecumenical Temple
  3758 | Temple   | Became a worshipper of Trog the Wrathful
  3804 | D:4      | Found an iron altar of Okawaru.
  3804 | D:4      | Found a sacrificial altar of Ru.
  3870 | D:4      | Found Rugyheu's Antique Weapon Shoppe.
  3884 | D:4      | Reached skill level 5 in Armour
  4068 | D:3      | Reached XP level 7. HP: 16/42 MP: 7/7
  4341 | D:4      | Found a runed translucent door.
  4341 | D:4      | Noticed Icepheonix32's ghost (weakling DsDe)
  4373 | D:4      | Killed Icepheonix32's ghost
  4376 | D:4      | Identified the +9 ice dragon scales "Waxkiank" {rF- rC++
                  | Str+3 Dex+3}
  4829 | D:4      | Reached * piety under Trog
  5042 | D:5      | Entered Level 5 of the Dungeon
  5126 | D:5      | Reached skill level 1 in Stealth
  5154 | D:5      | Reached XP level 8. HP: 29/48 MP: 8/8
  5159 | D:5      | Reached skill level 5 in Maces & Flails
  5361 | D:5      | Noticed a yak
  5361 | D:5      | Noticed a yak
  5361 | D:5      | Noticed a yak
  5376 | D:5      | Killed a yak
  5377 | D:5      | Reached skill level 6 in Armour
  5394 | D:5      | Killed a yak
  5395 | D:5      | Reached skill level 5 in Fighting
  5399 | D:5      | Killed a yak
  5508 | D:5      | Got the Collected Works on Unholy Conjuration
  5651 | D:5      | Found a glowing golden altar of the Shining One.
  6021 | D:6      | Found a basalt altar of Yredelemnul.
  6106 | D:6      | Found a white marble altar of Elyvilon.
  6174 | D:6      | Found a shadowy altar of Dithmenos.
  6188 | D:6      | Found an opulent altar of Gozag.
  6221 | D:6      | Found a runed translucent door.
  6222 | D:6      | Identified the +4 mace of the Heavens {antimagic, rN+}
  6222 | D:6      | Noticed Crazy Yiuf
  6230 | D:6      | Killed Crazy Yiuf
  6381 | D:6      | Identified the +10 dagger "Moanudolox" {flame, rCorr SInv}
  6638 | D:6      | Found Zin's Purification Station.
  6643 | D:6      | Found a glowing silver altar of Zin.
  6648 | D:6      | Bought a potion of curing for 90 gold pieces
  6670 | D:6      | Noticed Menkaure
  6688 | D:6      | Reached XP level 9. HP: 54/54 MP: 9/9
  6691 | D:6      | Killed Menkaure
  6692 | D:6      | Reached skill level 5 in Shields
  7474 | D:7      | Reached ** piety under Trog
  7483 | D:7      | Reached skill level 7 in Armour
  8222 | D:8      | Noticed a3don's ghost (novice DrIE)
  8231 | D:8      | Noticed a death knight
  8236 | D:8      | Noticed a cyclops
  8300 | D:8      | Found a snail-covered altar of Cheibriados.
  8392 | D:8      | Found a runed translucent gate.
  8392 | D:8      | Found a runed translucent gate.
  8392 | D:8      | Found a runed translucent gate.
  8635 | D:8      | You fall into a shaft and drop 3 floors!
  8639 | D:11     | Noticed a troll
  8667 | D:11     | Killed a troll
  8751 | D:11     | Noticed a seven-headed hydra
  8881 | D:11     | Noticed a manticore
  8903 | D:11     | Killed a manticore
  8904 | D:11     | Reached XP level 10. HP: 18/61 MP: 4/10
  9266 | D:11     | Noticed a kobold demonologist
  9277 | D:11     | Killed a kobold demonologist
  9278 | D:11     | Reached skill level 5 in Short Blades
  9356 | D:11     | Identified the +5 trident "Abean" {spect, rCorr Str+4}
  9365 | D:10     | Entered Level 10 of the Dungeon
  9453 | D:10     | Found a hide-covered altar of Uskayaw.
  9503 | D:10     | Noticed an orc knight
  9544 | D:10     | Killed an orc knight
  9545 | D:10     | Reached skill level 8 in Armour
  9558 | D:10     | Found a staircase to the Orcish Mines.
 10030 | D:9      | Noticed a boulder beetle
 10088 | D:9      | Noticed a centaur warrior
 10100 | D:9      | Killed a centaur warrior
 10114 | D:9      | Killed a boulder beetle
 10186 | D:9      | Noticed a gargoyle
 10197 | D:9      | Killed a gargoyle
 10197 | D:9      | Reached *** piety under Trog
 10622 | D:8      | Reached XP level 11. HP: 62/67 MP: 11/11
 11297 | D:9      | Reached skill level 9 in Armour
 11329 | D:9      | Noticed a two-headed ogre
 11345 | D:9      | Killed a two-headed ogre
 11346 | D:9      | Reached skill level 5 in Dodging
 11587 | D:9      | Found a sparkling altar of Nemelex Xobeh.
 11758 | D:9      | Found an ancient bone altar of Kikubaaqudgha.
 11760 | D:9      | Found a radiant altar of Vehumet.
 11903 | D:10     | Noticed an oklob plant
 12274 | D:10     | Found a staircase to the Lair.
 12445 | Orc:1    | Entered Level 1 of the Orcish Mines
 12858 | Orc:2    | Entered Level 2 of the Orcish Mines
 12871 | Orc:2    | Noticed an ettin
 12877 | Orc:2    | HP: 1/68 [ettin/+4 dire flail (27)]
 13161 | Orc:1    | Reached **** piety under Trog
 13324 | Orc:1    | Demolished by an ettin

Illustrated notes

Levels and vault maps discovered:
D:1:      dpeg_arrival_oval, layout_basic,
          shapermc_ecumenical_altar_starsandcircs
D:2:      wad_river_or_something, layout_rooms, serial_shops,
          nicolae_shop_stone, shop, nicolae_shop_advertising_works
          [nicolae_subvault_shop_adworks], uniq_natasha
D:3:      layout_basic, serial_aquarium, aquarium_bridge_straight
          [aquarium_subvault_bridge, aquarium_subvault_window,
          aquarium_subvault_bridge, aquarium_subvault_wall],
          aquarium_window_fake, aquarium_window_fake, aquarium_window_1,
          aquarium_view_2d
D:4:      layout_loops_ring, gammafunk_temple_overflow_wave,
          ebering_ghost_inner_flame, serial_shops, nicolae_shop_behind_doors,
          kennysheep_generic_room_3
D:5:      layout_loops_ring, overflow_temple_1_default, serial_glass,
          glass_columns_b, glass_columns_a, roderic_lattice_a
D:6:      layout_loops_cross, kennysheep_ying_yang, zin_purify,
          mainiacjoe_overflow_large_starburst, kennysheep_pointless_box,
          hangedman_abyss_or_decor_stagger, minmay_fire_ice_demons,
          uniq_menkaure, uniq_crazy_yiuf_cottage
D:7:      layout_cave_pods, serial_glass, glass_columns_b, glass_columns_b
D:8:      layout_basic, mainiacjoe_overflow_cross_hatched, gammafunk_ghost_split
D:9:      layout_irregular_city, nemelex_altar_shiori,
          nicolae_overflow_hidden_temple, serial_column_ruins,
          column_ruins_circle_medium, column_ruins_hut_ruined,
          column_ruins_open_tiny, column_ruins_open_tiny,
          column_ruins_open_tiny, column_ruins_open_medium, column_ruins_grid_1,
          kb_rosetta
D:10:     layout_roguey, mainiacjoe_overflow_surrounded_room, dpeg_oklobed_lair,
          orc_david_3
D:11:     layout_irregular_city, uniq_erolcha
Temple:   compressed_dpeg_triangle_lava_temple
Orc:1:    layout_diamond_mine
Orc:2:    grunt_orc_community_town_hall, layout_caves,
          grunt_orc_community_big_house_2, grunt_orc_community_big_house_2,
          grunt_orc_community_house_3, grunt_orc_community_house_2,
          grunt_orc_community_house_3, grunt_orc_community_house_3,
          grunt_orc_community_house_2, portal_ice_cave_demonic_guard,
          minmay_orc_keep, uniq_josephine

Skill      XL: |  1  2  3  4  5  6  7  8  9 10 11 |
---------------+----------------------------------+-----
Maces & Flails | 3 4 7 |  7.6
Armour         | 4 5 6 7 8 9 |  9.7
Dodging        | 1 2 3 4 5 |  5.4
Short Blades   | 1 2 4 6 7 |  7.2
Shields        | 4 5 7 8 |  8.0
Fighting       | 4 5 6 7 |  7.8
Stealth        | 1 2 |  2.6

Action                   |  1- 3 |  4- 6 |  7- 9 | 10-12 || total
-------------------------+-------+-------+-------+-------++-------
Melee: Flail             |   114 |    13 |    73 |       ||   200
       Dagger            |       |   123 |   145 |   438 ||   706
       Whip              |       |    46 |   128 |       ||   174
       Mace              |       |       |     7 |       ||     7
Invok: Berserk           |       |       |     1 |       ||     1
       Trog's Hand       |       |       |       |     1 ||     1
  Use: Potion            |       |     7 |     5 |     4 ||    16
       Scroll            |       |     6 |     5 |    15 ||    26
Armor: Scale mail        |    94 |   104 |    25 |       ||   223
       Ice dragon scales |       |       |   201 |   322 ||   523
Dodge: Dodged            |    63 |   111 |   176 |   242 ||   592
Block: Buckler           |    33 |    41 |    79 |   108 ||   261
